 Dungeon Crawl Stone Soup version 0.20.1-1-g8b1a95d (webtiles) character file.

392309 dstrtn the Markscentaur (level 22, -3/218 (221) HPs)
             Began as a Centaur Chaos Knight on Sept 21, 2017.
             Killed from afar by an ice dragon (46 damage)
             ... with a blast of cold
             ... summoned by a boggart
             ... on level 2 of the Depths on Sept 22, 2017.
             The game lasted 05:28:07 (49302 turns).

dstrtn the Markscentaur (Centaur Chaos Knight)     Turns: 49302, Time: 05:28:07

HP:   -3/218 (221)  AC: 42    Str: 24      XL:     22   Next: 12%
MP:   21/30         EV:  8    Int: 14 (15) God:    Xom [*.....]
Gold: 1629          SH:  0    Dex: 17      Spells: 11/27 levels left

rFire    + + .     SeeInvis .   b - +5 longbow (freeze)
rCold    . . .     Gourm    .   (shield currently unavailable)
rNeg     + + +     Faith    .   r - +6 fire dragon scales
rPois    +         Spirit   .   s - +2 hat
rElec    .         Reflect  .   w - +2 cloak {+Inv}
rCorr    .         Harm     .   y - +1 pair of gloves {Dex+3}
MR       ++...     Clarity  +   H - +10 Black Knight's horse barding {ponderous, rPois rN+}
Stlth    +.........             G - amulet of regeneration
Regen    0.9/turn               p - ring of Raurug {rN++ Dex+2 Stlth+}
MPRegen  0.3/turn               M - ring of protection from magic {=R}

@: very slightly contaminated, quick
A: hooves 3, thin skeletal structure 1, clarity, clever 2, cold resistance 1,
deformed body, speed 2, robust 1, shaggy fur 1, tough skin 3
}: 2/15 runes: decaying, serpentine
a: Renounce Religion, Evoke Invisibility


You were on level 2 of the Depths.
You worshipped Xom.
You were a special plaything of Xom.
You were not hungry.

You visited 8 branches of the dungeon, and saw 40 of its levels.
You visited the Abyss 1 time.
You also visited: Ice Cave.

You collected 6640 gold pieces.
You spent 5011 gold pieces at shops.

Inventory:

Hand Weapons
 a - the +8 glaive of the Guard {elec, +Rage AC+5 SInv}
   (You found it on level 3 of the Vaults)

   Occasionally, upon striking a foe, it will discharge some electrical energy
   and cause terrible harm.
   It affects your AC (+5).
   It lets you see invisible.
   It lets you go berserk.
 b - a +5 longbow of freezing (weapon)
Missiles
 k - 558 arrows (quivered)
Armour
 r - +6 fire dragon scales (worn)
 s - a +2 hat (worn)
 w - a +2 cloak of invisibility (worn)
 y - a +1 pair of gloves of dexterity (worn)
 H - the +10 Black Knight's horse barding (worn) {ponderous, rPois rN+}
   (You acquired it on level 3 of the Snake Pit)

   It protects you from poison.
   It protects you from negative energy.
Jewellery
 c - an uncursed ring of wizardry
 p - the ring of Raurug (left hand) {rN++ Dex+2 Stlth+}
   (You found it on level 1 of the Swamp)

   [ring of stealth]

   It affects your dexterity (+2).
   It greatly protects you from negative energy.
   It makes you more stealthy.
 v - an uncursed ring of protection from fire
 z - an uncursed ring of see invisible
 C - an uncursed ring of flight
 E - an uncursed ring of protection from fire
 G - an amulet of regeneration (around neck)
 M - a ring of protection from magic (right hand) {=R}
Wands
 f - a wand of clouds (5/9)
 o - a wand of clouds (2/9)
 A - a wand of digging (15/24)
 B - a wand of digging (16/24)
Scrolls
 d - 4 scrolls of immolation
 e - a scroll of magic mapping
 h - 4 scrolls of recharging
 j - 12 scrolls of teleportation
 D - 13 scrolls of fog
 F - 17 scrolls of remove curse
 J - a scroll of summoning
 L - 3 scrolls of blinking
 U - 5 scrolls of identify
 Z - a scroll of fear
Potions
 g - a potion of mutation
 l - 2 potions of haste
 m - 2 potions of agility
 q - 2 potions of resistance
 t - 2 potions of flight
 x - a potion of ambrosia
 I - 2 potions of berserk rage
 N - 2 potions of invisibility
 O - 4 potions of cancellation
 P - 6 potions of brilliance
 Q - 4 potions of curing
 W - 5 potions of might
 X - a potion of magic
Miscellaneous
 i - a fan of gales
 n - a lightning rod (inert)
 K - a box of beasts
 S - a lamp of fire
 T - a phial of floods
 Y - 2 phantom mirrors
Comestibles
 u - 15 bread rations
 R - 23 meat rations


   Skills:
 - Level 17.9 Fighting
 - Level 20.0 Polearms
 - Level 20.5 Bows
 - Level 12.0 Armour
 - Level 4.4 Dodging
 - Level 3.3 Spellcasting
 * Level 1.2 Hexes
 - Level 4.6 Summonings
 + Level 6.2 Translocations
 - Level 5.0 Transmutations
 - Level 5.0 Earth Magic
 - Level 11.5 Evocations


You had 11 spell levels left.
You knew the following spells:

 Your Spells              Type           Power        Failure   Level  Hunger
a - Passwall              Tmut/Erth      ###.......   9%          2    ##.....
b - Summon Butterflies    Summ           ###.....     7%          1    #......
c - Apportation           Tloc           ###...       3%          1    #......
d - Blink                 Tloc           N/A          5%          2    ##.....
e - Portal Projectile     Hex/Tloc       ##....       30%         3    ###....
f - Teleport Other        Tloc           ###.....     11%         3    ###....
g - Passage of Golubria   Tloc           N/A          34%         4    #####..


Dungeon Overview and Level Annotations

Branches:
Dungeon (15/15)            Temple (0/1) D:7            Lair (6/6) D:10
  Swamp (4/4) Lair:4        Snake (4/4) Lair:2        Slime (0/5) Lair:6
    Orc (2/2) D:11            Elf (3/3) Orc:2        Vaults (4/5) D:14
  Crypt (0/3) Vaults:3     Depths (2/5) D:15

Altars:
Cheibriados
Dithmenos
Elyvilon
Fedhas
Ru
Sif Muna
Xom
Yredelemnul
The Shining One
Beogh

Shops:
D:6 =   D:8 [   D:11 (   Orc:2 ?*}   Elf:2 }   Snake:1 }}=   Vaults:4 !

Portals:
Hell: Depths:1
Pandemonium: Depths:1 Depths:2
Ziggurat: Depths:2

Annotations:
D:2 Sigmund
Lair:2 exclusion: oklob plant
Lair:3 exclusion: oklob plant
Lair:6 exclusion: 6 oklob plants
Depths:1 exclusion: orange crystal statue


Innate Abilities, Weirdness & Mutations

You have hooves in place of feet.
Armour fits poorly on your strangely shaped body.
You cover ground very quickly.
You have extremely tough skin. (AC +3)
You have a somewhat thin skeletal structure. (Dex +2, Stealth)
You possess an exceptional clarity of mind.
Your mind is very acute. (Int +4)
Your flesh is cold resistant. (rC+)
You are robust. (+10% HP)
You are covered in fur. (AC +1)


Message History

Aim: a boggart (almost dead)
You magically shoot an arrow.
The arrow hits the boggart!!
The arrow freezes the boggart.
You kill the boggart!
The yaktaur captain shoots a bolt.
The bolt hits you!!
The bolt dissolves into shadows!
The ice dragon breathes frost at you. The blast of cold hits you!
* * * LOW HITPOINT WARNING * * *
Press: ? - help, v - describe, . - travel The floor.
The yaktaur captain shoots a bolt.
The bolt hits you!!
* * * LOW HITPOINT WARNING * * *
You emit a cloud of colourful smoke!
The bolt dissolves into shadows!
You are no longer teleporting projectiles to their destination.
You found a shaft!
The ice dragon breathes frost at you. The blast of cold hits you!
You die...

### #.# ###_####.# #.....##..
#♣...♣##.## ##.....##..#####
###########
##♣...♣##......##.^........###..
####'####..§§§..@.......<.......
...........§§§....(...(...#!....
...#.....).§#§.......(#..... ...
.>......#.(.#............#### .
.......##.(D(....(......## ..#
.............(.......... ..#
.##........#......##?... .#.
###...(....#.#..#.####.. .#.
..###c##....#######


You could see an ice dragon.

Vanquished Creatures
  Saint Roka (Snake:2)
  A bone dragon (Vaults:3)
  A deep elf master archer (Elf:3)
  3 deep elf blademasters
  Frances (Swamp:2)
  A sphinx (Vaults:3)
  A tengu reaver (Vaults:3)
  4 thorn hunters
  A shadow dragon (Vaults:3)
  A storm dragon (Vaults:3)
  10 nagarajas
  A frost giant (Depths:2)
  3 fire giants
  Louise (Orc:2)
  7 deep elf sorcerers
  A ghost moth (Depths:2)
  6 vault wardens
  An emperor scorpion (Vaults:4)
  Aizul (Elf:3)
  5 deep elf elementalists (Elf:3)
  An orc warlord (Orc:2)
  A juggernaut zombie (D:15)
  7 very ugly things
  13 ironheart preservers
  A ghoul (Vaults:3)
  14 stone giants
  2 entropy weavers
  5 deep elf demonologists
  A dire elephant (shapeshifter) (Vaults:1)
  The ghost of Somber the Fighter, a journeyman DrBe of Trog (D:11)
  8 deep elf annihilators
  6 deep elf death magi
  3 ettins
  Josephine (Swamp:1)
  11 ogre magi
  6 yaktaur captains
  3 fire dragons
  3 great orbs of eyes
  8 naga warriors
  10 vault guards
  3 deep elf high priests
  6 ice dragons
  19 hydras
  A hell beast (Depths:1)
  8 centaur warriors
  2 ghost crabs
  An anaconda (shapeshifter) (Lair:6)
  A catoblepas (IceCv)
  35 two-headed ogres
  4 alligators
  3 death knights
  13 anacondas
  A deep troll shaman (Depths:1)
  2 tengu warriors
  6 death yaks
  8 naga sharpshooters
  2 deep troll earth magi
  A vampire mage (D:15)
  26 dancing weapons
  A shock serpent (Snake:2)
  24 deep elf knights
  2 wretched stars (Abyss:2)
  7 spriggans
  2 iron trolls (Depths:1)
  2 shadow wraiths
  A skeletal warrior (D:15)
  9 sea snakes
  A spatial maelstrom (Abyss:2)
  An unseen horror (shapeshifter) (Vaults:4)
  A fire crab (shapeshifter) (Vaults:4)
  3 unseen horrors
  2 death drakes (shapeshifter)
  2 flayed ghosts
  3 spriggan druids
  3 salamander mystics
  11 deep trolls
  An infernal demonspawn (Depths:2)
  3 gelid demonspawn (Depths:1)
  5 large abominations (Abyss:2)
  3 starcursed masses (Abyss:2)
  6 naga ritualists
  A shadow demon (Abyss:2)
  11 deep elf archers
  A tengu zombie (D:15)
  16 orc knights
  9 ironbrand convokers
  3 glowing orange brains
  2 lindwurms (Lair:6)
  5 swamp dragons
  56 deep elf magi
  2 wizards (Vaults:1)
  7 necromancers
  9 mana vipers
  2 phantasmal warriors (Vaults:4)
  31 ugly things
  A stone giant zombie (Vaults:3)
  A cyclops (shapeshifter) (Swamp:1)
  10 orc sorcerers
  14 salamanders
  A manticore (D:15)
  2 human zombies
  6 cyclopes
  A salamander (shapeshifter) (Vaults:2)
  6 wolf spiders
  6 elephants
  A rust devil (Depths:1)
  35 black mambas
  A sphinx skeleton (Depths:1)
  13 vault sentinels
  A frost giant skeleton (Depths:1)
  A black mamba (shapeshifter) (Vaults:4)
  A gargoyle (D:8)
  Psyche (D:11)
  2 centaur zombies
  16 naga magi
  11 guardian serpents
  19 spiny frogs
  A smoke demon (Abyss:2)
  2 torpor snails
  A yaktaur zombie (Depths:1)
  12 rime drakes
  A komodo dragon (shapeshifter) (Vaults:2)
  12 freezing wraiths
  7 komodo dragons
  46 yaktaurs
  A hellion (Depths:2)
  A hellwing (Abyss:2)
  An ancient zyme (Vaults:1)
  3 ice devils
  2 yaktaur skeletons
  6 trolls
  A red devil (Abyss:2)
  11 polar bears (IceCv)
  A tengu conjurer (Depths:2)
  A troll (shapeshifter) (Vaults:3)
  A queen bee (shapeshifter) (D:13)
  4 tyrant leeches
  16 slime creatures
  A sphinx simulacrum (Depths:1)
  A tengu simulacrum (Vaults:1)
  10 hornets
  3 raiju (Abyss:2)
  A fire dragon zombie (Depths:1)
  A snapping turtle (Vaults:3)
  8 hippogriffs
  A meliai zombie (D:13)
  4 bog bodies
  18 blink frogs
  A blink frog (shapeshifter) (D:15)
  2 deep troll zombies
  2 dream sheep (Lair:6)
  2 spriggan skeletons
  2 shadows
  A tarantella (shapeshifter) (D:9)
  51 yaks
  4 basilisks
  A deep troll skeleton (Depths:1)
  12 water elementals
  10 wraiths
  2 ynoxinuls
  A spriggan (shapeshifter) (Vaults:1)
  4 wyverns
  An ice dragon skeleton (Depths:1)
  2 hogs (D:12)
  A human (shapeshifter) (Vaults:1)
  A basilisk (shapeshifter) (Vaults:4)
  A fire elemental (Elf:1)
  3 steam dragons
  20 humans
  2 neqoxecs (Abyss:2)
  2 chaos spawn
  A wyvern (shapeshifter) (Depths:1)
  3 golden eyes (Abyss:2)
  A hungry ghost (D:13)
  12 vampire mosquitoes
  A harpy simulacrum (D:15)
  2 human simulacra
  5 swamp worm simulacra (Swamp:4)
  16 swamp worms
  6 two-headed ogre zombies (D:11)
  12 wargs
  45 nagas
  A spatial vortex (Vaults:4)
  An acid dragon (Vaults:2)
  8 water moccasins
  13 hydra simulacra (Swamp:4)
  24 orc warriors
  4 porcupines
  4 ice beasts
  An ice beast (shapeshifter) (Depths:1)
  6 swamp drakes
  5 sky beasts
  3 black bears
  A black bear (shapeshifter) (Depths:1)
  An eye of draining (shapeshifter) (Depths:1)
  4 phantoms
  2 spriggan simulacra (Depths:1)
  20 ogres
  12 boggarts
  21 wolves
  13 crocodiles
  16 centaurs
  A human skeleton (Vaults:3)
  The ghost of vatarom the Insei, an amateur DsTm (D:4)
  The ghost of edgar the Stinger, an amateur HaVM (D:3)
  Blork the orc (D:5)
  6 small abominations
  2 big kobolds
  22 bullfrogs
  5 earth elementals
  6 scorpions
  5 killer bees
  2 vampire bats (Lair:1)
  11 electric eels
  5 crimson imps
  2 bullfrog zombies
  2 quasits
  9 hounds
  3 jellies
  14 orc priests
  3 bullfrog skeletons
  4 iron imps
  31 orc wizards
  3 iguanas
  A killer bee zombie (D:10)
  8 worker ants
  A hound skeleton (D:10)
  A howler monkey zombie (D:7)
  7 gnolls
  10 adders
  A river rat (D:2)
  A shadow imp (Depths:1)
  A white imp (Depths:1)
  An ufetubus (Depths:1)
  An ooze (D:6)
  A swamp drake simulacrum (Swamp:4)
  An adder zombie (D:6)
  3 adder skeletons
  2 worms (D:3)
  A dart slug (D:1)
  12 leopard geckos
  81 orcs
  5 ball pythons
  12 bats
  2 giant cockroaches
  13 goblins
  8 hobgoblins
  A hobgoblin (shapeshifter) (D:1)
  7 jackals
  7 quokkas
  5 frilled lizards
  2 gnoll zombies (D:4)
  14 kobolds
  A quokka zombie (D:9)
  4 rats
  A fungus (Lair:2)
  5 plants
1627 creatures vanquished.

Vanquished Creatures (collateral kills)
  A deep elf blademaster (Elf:2)
  A frost giant (IceCv)
  A vault warden (Vaults:4)
  2 ironheart preservers
  A dancing weapon (Elf:2)
  A death yak (D:10)
  A two-headed ogre (D:9)
  A deep elf knight (Elf:2)
  Nergalle (Lair:1)
  A skeletal warrior (D:15)
  3 deep elf magi (Elf:2)
  2 ugly things (Vaults:4)
  4 elephants (Lair:5)
  A vault sentinel (Vaults:1)
  A spiny frog (Lair:1)
  A hornet (Swamp:2)
  4 blink frogs (Lair:1)
  A spriggan (Swamp:2)
  3 yaks
  An ogre zombie (Vaults:1)
  A water moccasin (D:8)
  2 porcupines (Lair:1)
  3 orc warriors
  2 wolves (Lair:1)
  2 crocodiles
  A killer bee (D:12)
  An orc priest (Orc:2)
  5 orc wizards
  8 orcs
57 creatures vanquished.

Vanquished Creatures (others)
  Kirke (Swamp:1)
  A sphinx (Vaults:4)
  A ghost crab (Swamp:4)
  6 dancing weapons
  A death yak (IceCv)
  A deep elf archer (Vaults:1)
  2 deep elf magi
  A vault sentinel (Vaults:1)
  2 polar bears (IceCv)
  A tyrant leech (Swamp:4)
  A blink frog (Swamp:2)
  2 yaks (IceCv)
  2 hogs (Swamp:1)
  2 humans (Swamp:1)
  2 vampire mosquitoes (D:13)
  A human simulacrum (Vaults:1)
  A swamp worm (Swamp:1)
  5 wolves
  An orc priest (Vaults:1)
  3 orcs
  6 fungi
  13 plants
56 creatures vanquished.

Grand Total: 1740 creatures vanquished

Notes
Turn   | Place    | Note
-------+----------+-------------------------------------------
     0 | D:1      | dstrtn the Centaur Chaos Knight began the quest for the Orb.
     0 | D:1      | Reached XP level 1. HP: 19/19 MP: 1/1
   165 | D:1      | Reached XP level 2. HP: 6/26 MP: 2/2
   538 | D:1      | XOM: divination: detect items
   725 | D:1      | Reached XP level 3. HP: 31/31 MP: 3/3
   853 | D:2      | XOM: harmless Summ miscast
   868 | D:2      | Noticed Sigmund
   957 | D:2      | Noticed Robin
   971 | D:2      | Noticed Robin
   971 | D:2      | Robin changed into Robin the river rat
   974 | D:2      | Killed Robin the river rat
  1095 | D:2      | Reached XP level 4. HP: 37/38 MP: 4/4
  1262 | D:2      | XOM: god gift: scroll labeled PENTOAXZUC {god gift}
  1503 | D:3      | Noticed edgar's ghost (amateur HaVM)
  1514 | D:3      | XOM: potion effect (brilliance)
  1516 | D:3      | XOM: potion effect (haste)
  1519 | D:3      | XOM: give mutations
  1519 | D:3      | Gained mutation: You have a pair of small horns on your head. [Xom's grace]
  1519 | D:3      | Gained mutation: Your muscles are strong. (Str +2) [Xom's grace]
  1575 | D:3      | XOM: god gift: 1690 gold pieces
  1739 | D:3      | Reached XP level 5. HP: 35/46 MP: 5/5
  1866 | D:3      | Reached skill level 5 in Polearms
  2084 | D:3      | Killed edgar's ghost
  2103 | D:3      | Found a deep blue altar of Sif Muna.
  2161 | D:3      | Reached XP level 6. HP: 52/52 MP: 6/6
  2308 | D:4      | Found a basalt altar of Yredelemnul.
  2418 | D:4      | XOM: fog
  2459 | D:4      | XOM: give mutation
  2459 | D:4      | Gained mutation: You are agile. (Dex +2) [Xom's grace]
  2508 | D:4      | Noticed vatarom's ghost (amateur DsTm)
  2520 | D:4      | Killed vatarom's ghost
  2615 | D:5      | Entered Level 5 of the Dungeon
  2646 | D:5      | XOM: divination: magic mapping
  2686 | D:5      | Noticed Blork the orc
  2703 | D:5      | Killed Blork the orc
  2703 | D:5      | Reached XP level 7. HP: 32/60 MP: 7/7
  2721 | D:5      | XOM: give mutation
  2721 | D:5      | Gained mutation: You passively map a small area around you. [Xom's grace]
  2785 | D:5      | Reached skill level 5 in Fighting
  2822 | D:5      | Found a shadowy altar of Dithmenos.
  3298 | D:6      | XOM: 4-stop teleportation journey
  3349 | D:6      | Reached XP level 8. HP: 53/70 MP: 8/8
  3393 | D:6      | XOM: fog
  3398 | D:6      | XOM: polymorph ogre -> steam dragon
  3500 | D:6      | XOM: polymorph centaur -> ooze
  3679 | D:6      | Found Taget's Jewellery Shoppe.
  3707 | D:6      | Bought an uncursed amulet of regeneration for 300 gold pieces
  3707 | D:6      | Bought a +6 ring of dexterity for 585 gold pieces
  3787 | D:6      | XOM: cast spell 'Shadow Creatures'
  3791 | D:6      | XOM: blink monster(s)
  3829 | D:6      | XOM: polymorph jackal -> rat
  3946 | D:7      | Found a white marble altar of Elyvilon.
  4053 | D:7      | Found a staircase to the Ecumenical Temple.
  4186 | D:7      | XOM: scenery: create altars
  4378 | D:7      | Reached skill level 1 in Bows
  4382 | D:7      | XOM: swap monsters
  4454 | D:7      | Found a blossoming altar of Fedhas.
  4550 | D:7      | XOM: enchant monster (good)
  4626 | D:8      | Reached XP level 9. HP: 78/78 MP: 9/9
  4638 | D:8      | XOM: fog
  4741 | D:8      | Reached skill level 5 in Bows
  4967 | D:8      | Found Soesch's Antique Armour Shop.
  5048 | D:8      | XOM: destruction
  5050 | D:8      | XOM: summons 9 friendly demons
  5117 | D:9      | Noticed a two-headed ogre
  5171 | D:9      | XOM: 3-stop teleportation journey
  5238 | D:9      | XOM: summons 5 friendly demons
  5243 | D:9      | XOM: confuse monster(s)
  5246 | D:9      | Killed a two-headed ogre
  5343 | D:9      | You fall through a shaft for 3 floors!
  5344 | D:12     | Identified 2 scrolls of acquirement
  5352 | D:12     | Got a faintly humming centaur barding
  5363 | D:12     | Identified the +0 centaur barding of Qanlitt {Int+3} (You acquired it on level 12 of the Dungeon)
  5537 | D:12     | Noticed a purple ugly thing
  5618 | D:12     | Reached skill level 10 in Polearms
  5620 | D:12     | XOM: 6-stop teleportation journey
  5628 | D:12     | Noticed a troll
  5656 | D:12     | XOM: scenery: 1 doors close
  5658 | D:12     | XOM: cast spell 'Summon Mana Viper'
  5786 | D:11     | Noticed Somber's ghost (journeyman DrBe)
  5796 | D:10     | Entered Level 10 of the Dungeon
  6050 | D:9      | XOM: confuse monster(s)
  6061 | D:9      | XOM: cast spell 'Cause Fear'
  6086 | D:9      | Reached XP level 10. HP: 84/84 MP: 10/10
  6095 | D:9      | XOM: harmless Conj miscast
  6111 | D:9      | XOM: potion effect (invisibility)
  6126 | D:9      | Reached skill level 10 in Bows
  6214 | D:9      | Noticed a brown ugly thing
  6231 | D:9      | XOM: confuse monster(s)
  6252 | D:9      | XOM: cast spell 'Call Canine Familiar'
  6298 | D:9      | XOM: medium Necr miscast
  6301 | D:9      | XOM: noise
  6304 | D:9      | XOM: enchant monster (good)
  6316 | D:9      | XOM: chaos cloud
  6439 | D:9      | Learned a level 2 spell: Passwall
  6457 | D:9      | XOM: severe Summ miscast
  6458 | D:9      | Noticed an orange demon
  6717 | D:9      | Noticed a gargoyle
  6726 | D:9      | XOM: summons 5 hostile demons
  6772 | D:8      | XOM: give mutations
  6772 | D:8      | Gained mutation: You are frail. (-10% HP) [Xom's mischief]
  6772 | D:8      | Gained mutation: You occasionally shout uncontrollably at your foes. [Xom's mischief]
  6772 | D:8      | Gained mutation: Scrolls take you a little longer to read. [Xom's mischief]
  6780 | D:8      | XOM: fake destruction
  6786 | D:8      | XOM: confuse monster(s)
  6799 | D:8      | Reached skill level 1 in Earth Magic
  6802 | D:8      | XOM: potion effect (might)
  6807 | D:8      | XOM: fake destruction
  6816 | D:8      | XOM: confusion
  6820 | D:8      | XOM: scenery: create altars
  6827 | D:8      | Killed a gargoyle
  6870 | D:8      | Noticed an entropy weaver
  6870 | D:8      | a brown ugly thing changed into an entropy weaver
  6870 | D:8      | XOM: polymorph brown ugly thing -> entropy weaver
  7019 | D:9      | XOM: enchant monster (good)
  7029 | D:9      | XOM: polymorph yak -> tarantella
  7200 | D:9      | XOM: cast spell 'Summon Small Mammal'
  7346 | D:10     | Gained mutation: Your muscles are very strong. (Str +4) [mutagenic meat]
  7347 | D:10     | Lost mutation: You are agile. (Dex +2) [mutagenic meat]
  7348 | D:10     | Gained mutation: You passively map the area around you. [mutagenic meat]
  7350 | D:10     | Gained mutation: You are very frail. (-20% HP) [mutagenic meat]
  7394 | D:10     | Gained mutation: Scrolls take you longer to read. [mutagenic meat]
  7397 | D:10     | Lost mutation: You are very frail. (-20% HP) [mutagenic meat]
  7398 | D:10     | Lost mutation: Scrolls take you longer to read. [mutagenic meat]
  7399 | D:10     | Lost mutation: You have a pair of small horns on your head. [mutagenic meat]
  7438 | D:10     | XOM: summons 1 hostile demon
  7602 | D:10     | Found a staircase to the Lair.
  7602 | D:10     | Noticed a death yak
  7603 | D:10     | Noticed a death yak
  7604 | D:10     | Noticed a death yak
  7604 | D:10     | Noticed a death yak
  7616 | D:10     | XOM: cast spell 'Summon Hydra'
  7623 | D:10     | Killed a death yak
  7634 | D:10     | Noticed a four-headed hydra
  7634 | D:10     | a death yak changed into a four-headed hydra
  7634 | D:10     | XOM: polymorph death yak -> four-headed hydra
  7661 | D:10     | XOM: cleaving
  7667 | D:10     | XOM: divination: detect creatures
  7670 | D:10     | Killed a four-headed hydra
  7697 | D:10     | XOM: summons 9 friendly demons
  7714 | D:10     | Killed a death yak
  7714 | D:10     | Reached XP level 11. HP: 84/84 MP: 11/11
  7833 | D:10     | Noticed a death yak
  7870 | D:10     | XOM: harmless Chrm miscast
  7898 | D:10     | Killed a death yak
  7923 | D:10     | XOM: summons 4 friendly demons
  7929 | D:10     | Killed a death yak
  8069 | D:10     | XOM: give mutations
  8069 | D:10     | Gained mutation: Your mind is acute. (Int +2) [Xom's grace]
  8069 | D:10     | Gained mutation: You are partially covered in slimy green scales. (AC +2) [Xom's grace]
  8069 | D:10     | Lost mutation: You are frail. (-10% HP) [Xom's grace]
  8069 | D:10     | Gained mutation: Your flesh is cold resistant. (rC+) [Xom's grace]
  8094 | D:10     | XOM: 4-stop teleportation journey
  8107 | D:10     | Learned a level 1 spell: Summon Butterflies
  8109 | D:10     | Learned a level 1 spell: Apportation
  8116 | D:10     | Noticed a two-headed ogre
  8147 | D:10     | XOM: divination: magic mapping
  8180 | D:10     | Killed a two-headed ogre
  8208 | D:10     | XOM: noise
  8447 | D:11     | XOM: potion effect (agility)
  8449 | D:11     | HP: 4/95 [water elemental (7)]
  8454 | D:11     | Noticed a two-headed ogre
  8574 | Lair:1   | Entered Level 1 of the Lair of Beasts
  8614 | Lair:1   | XOM: give mutation
  8614 | Lair:1   | Gained mutation: You can translocate small distances at will. [Xom's grace]
  8628 | Lair:1   | Reached skill level 1 in Spellcasting
  8674 | Lair:1   | XOM: stat loss: -1 Str (22/23)
  8735 | Lair:1   | XOM: polymorph yak -> guardian serpent
  8744 | Lair:1   | XOM: confuse monster(s)
  8824 | Lair:1   | XOM: summons friendly white imp
  8857 | Lair:1   | XOM: harmless Tmut miscast
  8861 | Lair:1   | XOM: smoke on damage
  8938 | Lair:1   | XOM: cleaving
  8940 | Lair:1   | XOM: cast spell 'Dispersal'
  8992 | Lair:1   | XOM: snakes to sticks
  9023 | Lair:1   | XOM: cast spell 'Summon Mana Viper'
  9090 | Lair:1   | XOM: smoke on damage
  9097 | Lair:1   | XOM: polymorph blink frog -> warg
  9099 | Lair:1   | XOM: confuse monster(s)
  9100 | Lair:1   | XOM: cast spell 'Summon Dragon'
  9189 | Lair:1   | Noticed Nergalle
  9196 | Lair:1   | Killed Nergalle
  9212 | Lair:1   | Found a glowing golden altar of the Shining One.
  9268 | Lair:1   | Reached skill level 1 in Dodging
  9314 | Lair:1   | XOM: polymorph storm dragon -> iron troll
  9475 | Lair:2   | XOM: divination: detect items
  9510 | Lair:2   | Noticed an eight-headed hydra
  9537 | Lair:2   | XOM: summons 4 friendly demons
  9547 | Lair:2   | XOM: scenery: create altars
  9550 | Lair:2   | Killed an eight-headed hydra
  9550 | Lair:2   | Reached XP level 12. HP: 104/104 MP: 15/15
  9672 | Lair:2   | Found a staircase to the Snake Pit.
  9732 | Lair:2   | XOM: harmless Pois miscast
  9796 | Lair:2   | XOM: enchant monster (good)
  9832 | Lair:2   | XOM: polymorph naga -> centaur
  9863 | Lair:2   | XOM: harmless Necr miscast
  9905 | Lair:2   | XOM: enchant monster (bad)
  9960 | Lair:2   | XOM: god gift: bread ration
 10068 | Lair:2   | XOM: 1-stop teleportation journey
 10285 | Lair:2   | XOM: mild Pois miscast
 10313 | Lair:2   | XOM: 2-stop teleportation journey
 10455 | Lair:3   | XOM: blink monster(s)
 10457 | Lair:3   | XOM: harmless Ice miscast
 10488 | Lair:3   | XOM: harmless Erth miscast
 10495 | Lair:3   | XOM: give mutation
 10495 | Lair:3   | Lost mutation: Your mind is acute. (Int +2) [Xom's mischief]
 10741 | Lair:3   | XOM: 2-stop teleportation journey
 10839 | Lair:3   | Noticed a four-headed hydra
 10840 | Lair:3   | XOM: 2-stop teleportation journey
 10856 | Lair:3   | XOM: confusion
 10867 | Lair:3   | XOM: swap monsters
 10870 | Lair:3   | XOM: scenery: create altars
 10912 | Lair:3   | Killed a four-headed hydra
 10990 | Lair:3   | XOM: medium Necr miscast
 11309 | Lair:4   | XOM: divination: detect creatures
 11319 | Lair:4   | XOM: confuse monster(s)
 11327 | Lair:4   | XOM: cast spell 'Olgreb's Toxic Radiance'
 11329 | Lair:4   | XOM: summons 12 friendly demons
 11383 | Lair:4   | Found a staircase to the Swamp.
 11395 | Lair:4   | Got a spiked plate armour
 11411 | Lair:4   | Identified the +4 plate armour of Binkiges {MP+9 Dex+3} (You found it on level 4 of the Lair of Beasts)
 11622 | Lair:4   | XOM: give mutations
 11622 | Lair:4   | Lost mutation: Scrolls take you a little longer to read. [Xom's mischief]
 11622 | Lair:4   | Lost mutation: Your muscles are very strong. (Str +4) [Xom's mischief]
 11622 | Lair:4   | Gained mutation: You are clumsy. (Dex -2) [Xom's mischief]
 11631 | Lair:4   | XOM: cleaving
 11653 | Lair:4   | Reached skill level 10 in Fighting
 11867 | Lair:4   | XOM: divination: magic mapping
 11967 | Lair:4   | XOM: mild Pois miscast
 12004 | Lair:4   | XOM: severe Erth miscast
 12097 | Lair:4   | Noticed a death yak
 12131 | Lair:4   | XOM: summons 2 friendly demons
 12148 | Lair:4   | Killed a death yak
 12171 | Lair:4   | XOM: scenery: create altars
 12263 | Lair:4   | Learned a level 2 spell: Blink
 12389 | Lair:5   | Reached XP level 13. HP: 113/113 MP: 16/16
 12392 | Lair:5   | XOM: blink monster(s)
 12394 | Lair:5   | XOM: destruction
 12407 | Lair:5   | XOM: summons 2 friendly demons
 12613 | Lair:5   | XOM: confusion
 12659 | Lair:5   | XOM: destruction
 12664 | Lair:5   | XOM: enchant monster (good)
 12803 | Lair:5   | XOM: cleaving
 12804 | Lair:5   | XOM: cleaving
 12809 | Lair:5   | XOM: cast spell 'Summon Dragon'
 12821 | Lair:5   | Reached skill level 15 in Bows
 12860 | Lair:5   | XOM: polymorph butterfly -> leopard gecko
 13174 | Lair:6   | Entered Level 6 of the Lair of Beasts
 13174 | Lair:6   | Found a staircase to the Slime Pits.
 13306 | Lair:6   | XOM: confuse monster(s)
 13311 | Lair:6   | XOM: give mutations
 13311 | Lair:6   | Gained mutation: You are somewhat resistant to further mutation. [Xom's grace]
 13311 | Lair:6   | Gained mutation: You are robust. (+10% HP) [Xom's grace]
 13370 | Lair:6   | XOM: fog
 13388 | Lair:6   | XOM: give mutations
 13388 | Lair:6   | Gained mutation: You are resistant to hostile enchantments. (MR+) [Xom's mischief]
 13388 | Lair:6   | Lost mutation: You are clumsy. (Dex -2) [Xom's mischief]
 13388 | Lair:6   | Lost mutation: You can translocate small distances at will. [Xom's mischief]
 13388 | Lair:6   | Lost mutation: Your muscles are strong. (Str +2) [Xom's mischief]
 13393 | Lair:6   | XOM: harmless Hex miscast
 13405 | Lair:6   | XOM: fog
 13406 | Lair:6   | XOM: scenery: create altars
 13539 | Lair:6   | XOM: confuse monster(s)
 13549 | Lair:6   | XOM: summons friendly quasit
 13561 | Lair:6   | XOM: polymorph spiny frog -> blink frog
 13675 | Lair:6   | XOM: 1-stop teleportation journey
 13742 | Lair:6   | XOM: polymorph yak -> blink frog
 13799 | Lair:6   | XOM: medium Erth miscast
 13928 | Lair:6   | XOM: confuse monster(s)
 13932 | Lair:6   | XOM: mild Tmut miscast
 13935 | Lair:6   | XOM: give mutations
 13935 | Lair:6   | Lost mutation: Your flesh is cold resistant. (rC+) [Xom's mischief]
 13935 | Lair:6   | Lost mutation: You are resistant to hostile enchantments. (MR+) [Xom's mischief]
 13935 | Lair:6   | Gained mutation: Your body sometimes deteriorates upon taking damage. [Xom's mischief]
 13935 | Lair:6   | Lost mutation: You are robust. (+10% HP) [Xom's mischief]
 13943 | Lair:6   | XOM: polymorph blink frog -> basilisk
 14029 | Lair:6   | XOM is BORED!
 14029 | Lair:6   | XOM: medium Air miscast
 14035 | Lair:6   | XOM: swap monsters
 14064 | Lair:6   | XOM: give mutations
 14064 | Lair:6   | Lost mutation: Your body sometimes deteriorates upon taking damage. [Xom's mischief]
 14064 | Lair:6   | Gained mutation: Your body sometimes deteriorates upon taking damage. [Xom's mischief]
 14064 | Lair:6   | Lost mutation: You passively map the area around you. [Xom's mischief]
 14091 | Lair:6   | XOM: swap monsters
 14092 | Lair:6   | XOM: enchant monster (bad)
 14194 | Lair:6   | XOM: 2-stop teleportation journey
 14424 | Lair:6   | Noticed a storm dragon
 14424 | Lair:6   | a death yak changed into a storm dragon
 14424 | Lair:6   | XOM: polymorph death yak -> storm dragon
 14424 | Lair:6   | Noticed a black draconian
 14424 | Lair:6   | a storm dragon changed into a black draconian
 14425 | Lair:6   | XOM: 2-stop teleportation journey
 14481 | Lair:6   | Noticed an entropy weaver
 14481 | Lair:6   | an entropy weaver changed into a satyr
 14497 | Lair:6   | Reached skill level 5 in Armour
 14646 | Lair:6   | XOM: enchant monster (good)
 14726 | Lair:6   | XOM: divination: magic mapping
 14747 | Lair:6   | XOM: silly message
 14765 | Lair:6   | XOM: potion effect (might)
 14792 | Lair:6   | XOM: divination: magic mapping
 14813 | Lair:6   | XOM: potion effect (invisibility)
 14967 | Lair:6   | XOM: noise
 15007 | Lair:6   | XOM: medium Fire miscast
 15103 | Lair:2   | XOM: confusion (+ monsters)
 15105 | Lair:2   | XOM: noise
 15206 | D:11     | Found a staircase to the Orcish Mines.
 15271 | D:11     | XOM: summons friendly crimson imp
 15273 | D:11     | XOM: enchant monster (good)
 15277 | D:11     | Reached XP level 14. HP: 88/124 MP: 17/17
 15283 | D:11     | XOM: harmless Air miscast
 15285 | D:11     | XOM: enchant monster (bad)
 15431 | D:11     | XOM: 3-stop teleportation journey
 15597 | D:11     | XOM: swap monsters
 15603 | D:11     | Found Ulugheam's Weapon Shoppe.
 15609 | D:11     | XOM: enchant monster (good)
 15622 | D:11     | Bought 3 tomahawks of dispersal for 63 gold pieces
 15702 | D:11     | XOM: harmless Hex miscast
 15718 | D:11     | XOM: enchant monster (bad)
 15723 | D:11     | XOM: cleaving
 15787 | D:11     | XOM: summons friendly crimson imp
 15803 | D:11     | Killed Somber's ghost
 15853 | D:11     | XOM: confusion
 15917 | D:11     | XOM: noise
 15929 | D:11     | Noticed Psyche
 15935 | D:11     | Killed Psyche
 15997 | Orc:1    | Entered Level 1 of the Orcish Mines
 16173 | Orc:1    | XOM: god gift: short sword {god gift}
 16255 | Orc:2    | Entered Level 2 of the Orcish Mines
 16384 | Orc:1    | XOM: fog
 16442 | Orc:1    | Found a frozen archway.
 16463 | IceCv    | Entered an ice cave
 16653 | IceCv    | XOM: cloud trail
 16685 | IceCv    | XOM: summons friendly quasit
 16758 | IceCv    | XOM: confusion (+ monsters)
 16769 | IceCv    | XOM: polymorph death yak -> catoblepas
 16961 | IceCv    | XOM: smoke on damage
 17048 | IceCv    | Noticed a frost giant
 17048 | IceCv    | XOM: confuse monster(s)
 17067 | IceCv    | XOM: divination: detect items
 17087 | IceCv    | XOM: potion effect (berserk rage)
 17117 | IceCv    | XOM: enchant monster (good)
 17124 | IceCv    | XOM: cast spell 'Summon Hydra'
 17127 | IceCv    | Killed a frost giant
 17211 | IceCv    | XOM: cast spell 'Cause Fear'
 17268 | IceCv    | Got a brightly glowing graven amulet
 17355 | Orc:1    | XOM: give mutations
 17355 | Orc:1    | Gained mutation: You are occasionally teleported next to monsters. [Xom's mischief]
 17355 | Orc:1    | Gained mutation: You are weak. (Str -2) [Xom's mischief]
 17563 | Orc:2    | XOM: butterfly on damage
 17739 | Orc:2    | XOM: mild Chrm miscast
 17857 | Orc:2    | XOM: scenery: create altars
 17870 | Orc:2    | XOM: chaos upgrade
 17928 | Orc:2    | XOM: enchant monster (good)
 17989 | Orc:2    | XOM: medium Fire miscast
 18135 | Orc:2    | Found a staircase to the Elven Halls.
 18175 | Orc:2    | Paralysed by an orc sorcerer for 5 turns
 18176 | Orc:2    | XOM: harmless Pois miscast
 18228 | Orc:2    | Found Mevun's Gadget Shop.
 18228 | Orc:2    | Found Wawneoge's Assorted Antiques.
 18247 | Orc:2    | Bought a scroll labeled PIOLONTU FAWADD for 36 gold pieces
 18247 | Orc:2    | Bought a scroll labeled KYFUERR HUIN for 36 gold pieces
 18247 | Orc:2    | Bought a lumpy sapphire potion for 32 gold pieces
 18274 | Orc:2    | Found a roughly hewn altar of Beogh.
 18309 | Orc:2    | Found Qaroq's Magic Scroll Shop.
 18309 | Orc:2    | Found Istrikuuq's General Store.
 18309 | Orc:2    | XOM: summons 2 friendly demons
 18321 | Orc:2    | XOM: summons 6 hostile demons
 18326 | Orc:2    | XOM: confusion
 18328 | Orc:2    | Noticed an orc warlord
 18328 | Orc:2    | XOM: smoke on damage
 18329 | Orc:2    | XOM: enchant monster (bad)
 18540 | Orc:2    | Killed an orc warlord
 18605 | Orc:2    | Bought a scroll of identify for 30 gold pieces
 18605 | Orc:2    | Bought a scroll of enchant armour for 112 gold pieces
 18605 | Orc:2    | Bought a scroll of fear for 52 gold pieces
 18605 | Orc:2    | Bought a scroll of magic mapping for 52 gold pieces
 18605 | Orc:2    | Bought a scroll of blinking for 112 gold pieces
 18605 | Orc:2    | Bought a scroll of enchant weapon for 112 gold pieces
 18606 | Orc:2    | Bought 2 scrolls of brand weapon for 600 gold pieces
 18610 | Orc:2    | Identified the amulet of Beauty {rC+ rN+ MR- Regen+ Str+2} (You found it in an ice cave)
 18677 | Orc:2    | Bought a phantom mirror for 420 gold pieces
 18677 | Orc:2    | Bought a fan of gales for 560 gold pieces
 18692 | Orc:2    | Bought a potion of heal wounds for 180 gold pieces
 18692 | Orc:2    | Bought a scroll of enchant weapon for 270 gold pieces
 18826 | D:11     | XOM: noise
 19057 | D:11     | XOM: give mutations
 19057 | D:11     | Gained mutation: You are agile. (Dex +2) [Xom's grace]
 19057 | D:11     | Gained mutation: You have a pair of small antennae on your head. [Xom's grace]
 19057 | D:11     | Gained mutation: Your mind is acute. (Int +2) [Xom's grace]
 19057 | D:11     | Gained mutation: You have a somewhat thin skeletal structure. (Dex +2, Stealth) [Xom's grace]
 19154 | D:11     | XOM: scenery: create altars
 19240 | D:12     | XOM: cleaving
 19421 | D:12     | XOM: summons 3 hostile shadow creatures
 19490 | D:12     | XOM: harmless Necr miscast
 19650 | D:12     | XOM: divination: detect creatures
 19847 | D:13     | XOM: give mutation
 19847 | D:13     | Gained mutation: You are covered in fur. (AC +1) [Xom's grace]
 19994 | D:13     | XOM: fog
 20026 | D:13     | XOM: divine lightning
 20182 | D:13     | XOM: scenery: 1 doors open
 20368 | D:14     | XOM: 2-stop teleportation journey
 20395 | D:14     | XOM: god gift: potion of heal wounds
 20471 | D:14     | Reached XP level 15. HP: 134/134 MP: 18/18
 20475 | D:14     | XOM: enchant monster (bad)
 20564 | D:14     | Found a gate to the Vaults.
 20593 | D:14     | XOM: noise
 20729 | D:14     | XOM: noise
 20790 | D:15     | Entered Level 15 of the Dungeon
 20813 | D:15     | XOM: confusion (+ monsters)
 20815 | D:15     | XOM: mild Ice miscast
 20849 | D:15     | XOM: give mutations
 20849 | D:15     | Lost mutation: You are weak. (Str -2) [Xom's mischief]
 20849 | D:15     | Lost mutation: You passively map a small area around you. [Xom's mischief]
 20849 | D:15     | Lost mutation: You are partially covered in slimy green scales. (AC +2) [Xom's mischief]
 20944 | D:15     | XOM: severe Tloc miscast
 20981 | D:15     | XOM: polymorph something unseen -> rime drake
 20982 | D:15     | Lost mutation: Your body sometimes deteriorates upon taking damage. [mutagenic glow]
 21127 | D:15     | XOM: harmless Pois miscast
 21221 | D:15     | Found a sacrificial altar of Ru.
 21280 | D:15     | XOM: confusion
 21306 | D:15     | XOM: silly message
 21341 | D:15     | Found a staircase to the Depths.
 21341 | D:15     | XOM: 2-stop teleportation journey
 21344 | D:15     | XOM: harmless Tmut miscast
 21395 | D:15     | XOM: give mutations
 21395 | D:15     | Gained mutation: Scrolls take you a little longer to read. [Xom's mischief]
 21395 | D:15     | Lost mutation: You have a pair of small antennae on your head. [Xom's mischief]
 21475 | D:15     | XOM: stat loss: -1 Dex (15/16)
 21531 | D:15     | XOM: enchant monster (bad)
 21862 | D:13     | XOM: stat loss: -1 Str (20/21)
 21941 | D:10     | XOM: stat loss: -1 Dex (14/16)
 22015 | Swamp:1  | Entered Level 1 of the Swamp
 22015 | Swamp:1  | Noticed Kirke
 22020 | Swamp:1  | XOM: blink monster(s)
 22024 | Swamp:1  | Killed Kirke
 22024 | Swamp:1  | XOM: divine lightning
 22089 | Swamp:1  | XOM: chaos cloud
 22092 | Swamp:1  | Noticed Josephine
 22101 | Swamp:1  | XOM: confuse monster(s)
 22105 | Swamp:1  | Killed Josephine
 22107 | Swamp:1  | XOM: chaos cloud
 22130 | Swamp:1  | XOM: enchant monster (bad)
 22167 | Swamp:1  | XOM: polymorph swamp worm -> cyclops
 22283 | Swamp:1  | XOM: divination: detect creatures
 22548 | Swamp:1  | Got a smoking platinum ring
 22568 | Swamp:1  | Identified the ring of Raurug {rN++ Dex+2 Stlth+} (You found it on level 1 of the Swamp)
 22613 | Swamp:1  | XOM: noise
 22701 | Swamp:2  | Noticed Frances
 22701 | Swamp:2  | Noticed a thorn hunter
 22733 | Swamp:2  | Reached skill level 1 in Evocations
 22991 | Swamp:2  | XOM: cleaving
 23008 | Swamp:2  | XOM: enchant monster (good)
 23259 | Swamp:2  | XOM: cleaving
 23264 | Swamp:2  | XOM: cast spell 'Cause Fear'
 23270 | Swamp:2  | XOM: cast spell 'Necromutation'
 23272 | Swamp:2  | Killed a thorn hunter
 23308 | Swamp:2  | XOM: cloud trail
 23309 | Swamp:3  | XOM: medium Hex miscast
 23312 | Swamp:3  | XOM: mild Conj miscast
 23394 | Swamp:3  | XOM: divination: detect items
 23399 | Swamp:3  | XOM: cleaving
 23401 | Swamp:3  | XOM: enchant monster (good)
 23407 | Swamp:3  | XOM: fog
 23418 | Swamp:3  | XOM: fake destruction
 23593 | Swamp:3  | Noticed a thorn hunter
 23600 | Swamp:3  | Killed a thorn hunter
 23727 | Swamp:3  | XOM: silly message
 23728 | Swamp:3  | XOM: noise
 23741 | Swamp:4  | Entered Level 4 of the Swamp
 23746 | Swamp:4  | Reached XP level 16. HP: 130/141 MP: 19/19
 23754 | Swamp:4  | Noticed a thorn hunter
 23763 | Swamp:4  | Killed a thorn hunter
 23947 | Swamp:3  | XOM: cloud trail
 24020 | Swamp:3  | Noticed a thorn hunter
 24032 | Swamp:3  | Killed a thorn hunter
 24032 | Swamp:3  | Reached skill level 5 in Evocations
 24114 | Swamp:3  | XOM: scenery: create altars
 24123 | Swamp:3  | XOM: enchant monster (good)
 24227 | Swamp:3  | XOM: summons 1 hostile shadow creature
 24433 | Swamp:3  | XOM: smoke on damage
 24713 | Swamp:4  | XOM: summons 3 hostile shadow creatures
 24758 | Swamp:4  | XOM: 6-stop teleportation journey
 24760 | Swamp:4  | XOM: polymorph tyrant leech -> ettin
 24769 | Swamp:4  | XOM: blink monster(s)
 24772 | Swamp:4  | XOM: silly message
 24776 | Swamp:4  | XOM: enchant monster (bad)
 24786 | Swamp:4  | Reached skill level 15 in Polearms
 24918 | Swamp:3  | XOM: harmless Hex miscast
 25064 | Swamp:2  | Killed Frances
 25084 | Swamp:2  | XOM: give mutation
 25084 | Swamp:2  | Lost mutation: You are somewhat resistant to further mutation. [Xom's mischief]
 25254 | Swamp:2  | XOM: harmless Fire miscast
 25280 | Swamp:4  | XOM: 3-stop teleportation journey
 25366 | Swamp:4  | XOM: 2-stop teleportation journey
 25370 | Swamp:4  | XOM: summons friendly quasit
 25390 | Swamp:4  | XOM: give mutations
 25390 | Swamp:4  | Lost mutation: You are occasionally teleported next to monsters. [Xom's mischief]
 25390 | Swamp:4  | Lost mutation: You are agile. (Dex +2) [Xom's mischief]
 25390 | Swamp:4  | Gained mutation: You are robust. (+10% HP) [Xom's mischief]
 25390 | Swamp:4  | Gained mutation: You are partially covered in slimy green scales. (AC +2) [Xom's mischief]
 25450 | Swamp:3  | XOM: divination: magic mapping
 25814 | Swamp:4  | XOM: 7-stop teleportation journey
 25994 | Swamp:4  | Got a decaying rune of Zot
 26092 | Swamp:2  | XOM: cast spell 'Statue Form'
 26143 | Lair:4   | XOM: mild Conj miscast
 26200 | Lair:1   | XOM: give mutation
 26200 | Lair:1   | Gained mutation: You are resistant to hostile enchantments. (MR+) [Xom's grace]
 26225 | Lair:1   | XOM: scenery: create altars
 26271 | Snake:1  | Entered Level 1 of the Snake Pit
 26285 | Snake:1  | XOM: cast spell 'Summon Butterflies'
 26456 | Snake:1  | Found a snail-covered altar of Cheibriados.
 26515 | Snake:1  | Found Zomainim's Gadget Boutique.
 26517 | Snake:1  | Found Muhegid's Jewellery Shoppe.
 26518 | Snake:1  | Found Usemuc's Gadget Boutique.
 26539 | Snake:1  | Bought an uncursed ring of protection from magic for 275 gold pieces
 26543 | Snake:1  | Bought a phial of floods for 640 gold pieces
 26653 | Snake:1  | XOM: confuse monster(s)
 26715 | Snake:2  | XOM: fog
 26783 | Snake:2  | XOM: summons 1 hostile demon
 26799 | Snake:2  | XOM: confuse monster(s)
 26820 | Snake:2  | XOM: mild Ice miscast
 26831 | Snake:2  | XOM: enchant monster (bad)
 26967 | Snake:2  | XOM: scenery: create altars
 27287 | Snake:2  | XOM: give mutation
 27287 | Snake:2  | Gained mutation: Your mind is very acute. (Int +4) [Xom's grace]
 27701 | Snake:2  | XOM: summons friendly iron imp
 27704 | Snake:2  | Noticed Saint Roka
 27711 | Snake:2  | XOM: scenery: create altars
 27712 | Snake:2  | XOM: enchant monster (good)
 27716 | Snake:2  | XOM: summons 2 friendly demons
 27780 | Snake:2  | XOM: summons friendly iron imp
 27786 | Snake:2  | Reached XP level 17. HP: 89/166 MP: 22/22
 27808 | Snake:2  | XOM: cloud trail
 27893 | Snake:2  | XOM: confuse monster(s)
 27909 | Snake:2  | Killed Saint Roka
 28028 | Snake:2  | XOM is BORED!
 28028 | Snake:2  | XOM: noise
 28036 | Snake:2  | XOM: scenery: create altars
 28050 | Snake:3  | XOM: enchant monster (good)
 28051 | Snake:3  | XOM: enchant monster (good)
 28088 | Snake:3  | Lost mutation: Scrolls take you a little longer to read. [potion of mutation]
 28088 | Snake:3  | Lost mutation: You are partially covered in slimy green scales. (AC +2) [potion of mutation]
 28088 | Snake:3  | Lost mutation: You are resistant to hostile enchantments. (MR+) [potion of mutation]
 28088 | Snake:3  | Gained mutation: Your flesh is cold resistant. (rC+) [potion of mutation]
 28213 | Snake:3  | XOM: 3-stop teleportation journey
 28430 | Snake:3  | XOM: scenery: 3 doors close
 28748 | Snake:3  | XOM: scenery: 1 doors open, 3 doors close
 29097 | Snake:3  | XOM: scenery: 1 doors open
 29366 | Snake:3  | XOM: god gift: 28 gold pieces
 29422 | Snake:4  | Entered Level 4 of the Snake Pit
 29492 | Snake:4  | XOM: mild Fire miscast
 29514 | Snake:4  | XOM: enchant monster (good)
 29555 | Snake:4  | XOM: summons 2 friendly demons
 29599 | Snake:4  | XOM: confuse monster(s)
 29702 | Snake:4  | XOM: 2-stop teleportation journey
 29808 | Snake:4  | XOM: summons 10 friendly demons
 29906 | Snake:4  | XOM: god gift: 49 gold pieces
 30001 | Snake:4  | XOM: summons 7 friendly demons
 30002 | Snake:4  | XOM: confuse monster(s)
 30026 | Snake:4  | XOM: cast spell 'Call Canine Familiar'
 30039 | Snake:4  | XOM: divination: detect items
 30093 | Snake:4  | XOM: enchant monster (good)
 30185 | Snake:4  | XOM: snakes to sticks
 30207 | Snake:4  | XOM: enchant monster (good)
 30271 | Snake:4  | XOM: enchant monster (good)
 30288 | Snake:4  | XOM: cloud trail
 30405 | Snake:4  | XOM: divination: detect creatures
 30467 | Snake:4  | Reached skill level 15 in Fighting
 30590 | Snake:4  | XOM: enchant monster (bad)
 30631 | Snake:4  | XOM: swap monsters
 30858 | Snake:4  | XOM: confusion
 30871 | Snake:4  | Reached XP level 18. HP: 144/179 MP: 23/23
 30875 | Snake:4  | XOM: confusion
 30878 | Snake:4  | XOM: confusion
 30883 | Snake:4  | XOM: cleaving
 30885 | Snake:4  | XOM: harmless Tloc miscast
 30914 | Snake:4  | Got a serpentine rune of Zot
 31059 | Snake:2  | XOM: give mutation
 31059 | Snake:2  | Lost mutation: You are robust. (+10% HP) [Xom's mischief]
 31468 | Vaults:1 | Entered Level 1 of the Vaults
 31477 | Vaults:1 | XOM: blink monster(s)
 31481 | Vaults:1 | XOM: polymorph yaktaur captain -> dire elephant
 31564 | Vaults:1 | XOM: repel stairs
 31662 | Vaults:1 | XOM: harmless Tloc miscast
 31988 | Vaults:1 | XOM: summons 1 hostile demon
 32146 | Vaults:1 | XOM: noise
 32203 | Vaults:1 | XOM: fake destruction
 32222 | Vaults:1 | XOM: mild Necr miscast
 32226 | Vaults:1 | XOM: enchant monster (good)
 32258 | Vaults:1 | XOM: 1-stop teleportation journey
 32520 | Vaults:1 | Cast into level 2 of the Abyss (a deep elf sorcerer)
 32716 | Abyss:2  | XOM: summons friendly iron imp
 32786 | Abyss:2  | XOM: cast spell 'Alistair's Intoxication'
 32870 | Abyss:2  | XOM: polymorph golden eye -> ice beast
 32874 | Abyss:2  | XOM: destruction
 33014 | Abyss:2  | XOM: confuse monster(s)
 33246 | Abyss:2  | XOM: scenery: create altars
 33256 | Abyss:2  | XOM: polymorph small abomination -> flying skull
 33425 | Abyss:2  | XOM: potion effect (heal wounds)
 33429 | Abyss:2  | XOM: harmless Erth miscast
 33430 | Vaults:1 | Escaped the Abyss
 33430 | Vaults:1 | XOM: confusion (+ monsters)
 33582 | Vaults:1 | XOM: harmless Fire miscast
 33591 | Vaults:1 | XOM: fog
 33640 | Vaults:1 | XOM: divination: detect creatures
 33644 | Vaults:1 | XOM: scenery: 1 doors open
 33663 | Vaults:1 | XOM: destruction
 33667 | Vaults:1 | XOM: enchant monster (good)
 33685 | Vaults:1 | XOM: enchant monster (good)
 33736 | Vaults:1 | XOM: fog
 33771 | Vaults:1 | XOM: potion effect (haste)
 33839 | Vaults:1 | XOM: give mutation
 33839 | Vaults:1 | Gained mutation: You possess an exceptional clarity of mind. [Xom's grace]
 34142 | Vaults:1 | XOM: scenery: 1 doors close
 34178 | Vaults:1 | XOM: summons 5 friendly demons
 34190 | Vaults:1 | XOM: fog
 34231 | Vaults:1 | XOM: scenery: 1 doors close
 34293 | Vaults:2 | XOM: noise
 34349 | Vaults:2 | XOM: harmless Erth miscast
 34567 | Vaults:2 | XOM: potion effect (berserk rage)
 34594 | Vaults:1 | XOM: cast spell 'Summon Small Mammal'
 35034 | Vaults:2 | XOM: silly message
 35130 | Vaults:2 | XOM: divination: magic mapping
 35141 | Vaults:2 | XOM: butterfly on damage
 35147 | Vaults:2 | XOM: divination: detect creatures
 35150 | Vaults:2 | XOM: potion effect (haste)
 35160 | Vaults:2 | XOM: noise
 35163 | Vaults:2 | XOM: noise
 35328 | Vaults:2 | Reached skill level 10 in Armour
 35358 | Vaults:2 | XOM: divination: detect items
 35449 | Vaults:2 | XOM: silly message
 35460 | Vaults:2 | XOM: divination: detect creatures
 35540 | Vaults:2 | XOM: mild Tloc miscast
 35589 | Vaults:2 | Reached XP level 19. HP: 172/172 MP: 25/25
 35615 | Vaults:2 | XOM: potion effect (haste)
 35718 | Vaults:2 | XOM: harmless Pois miscast
 35756 | Vaults:2 | XOM is BORED!
 35756 | Vaults:2 | XOM: silly message
 36055 | Vaults:2 | XOM: divination: detect items
 36229 | Vaults:2 | XOM: harmless Air miscast
 36308 | Vaults:2 | XOM: divination: detect items
 36313 | Vaults:2 | XOM: divination: magic mapping
 36406 | Vaults:2 | XOM: silly message
 36424 | Vaults:2 | XOM: cast spell 'Death Channel'
 36427 | Vaults:2 | XOM: harmless Tmut miscast
 36429 | Vaults:2 | XOM: chaos upgrade
 36459 | Vaults:2 | XOM: noise
 36461 | Vaults:2 | XOM: mild Ice miscast
 36467 | Vaults:2 | XOM: polymorph deep elf knight -> great orb of eyes
 36491 | Vaults:2 | XOM: cast spell 'Summon Mana Viper'
 36507 | Vaults:2 | XOM: potion effect (brilliance)
 36519 | Vaults:2 | XOM: enchant monster (bad)
 36885 | Vaults:3 | XOM: mild Ice miscast
 36887 | Vaults:3 | XOM: potion effect (heal wounds)
 36894 | Vaults:3 | XOM: harmless Necr miscast
 36929 | Vaults:3 | XOM: medium Necr miscast
 36952 | Vaults:3 | XOM: chaos cloud
 37064 | Vaults:2 | XOM: noise
 37074 | Vaults:2 | XOM: stat loss: -1 Dex (13/14)
 37079 | Vaults:2 | XOM: harmless Tloc miscast
 37249 | Vaults:2 | XOM: mild Conj miscast
 37399 | Vaults:3 | Noticed a bone dragon
 37403 | Vaults:2 | XOM: divination: detect creatures
 37850 | Vaults:3 | XOM: harmless Hex miscast
 37853 | Vaults:3 | XOM: enchant monster (good)
 37892 | Vaults:3 | XOM: scenery: 1 fountains blood, 2 doors close
 37893 | Vaults:3 | XOM: polymorph necromancer -> swamp dragon
 38025 | Vaults:3 | XOM: enchant monster (good)
 38041 | Vaults:3 | XOM: god gift: ring of teleportation {god gift}
 38051 | Vaults:3 | XOM: god gift: 15 arrows
 38058 | Vaults:3 | XOM: cast spell 'Summon Butterflies'
 38063 | Vaults:3 | XOM: summons friendly crimson imp
 38073 | Vaults:3 | Found a staircase to the Crypt.
 38092 | Vaults:3 | Killed a bone dragon
 38132 | Vaults:3 | XOM: 9-stop teleportation journey
 38449 | Vaults:3 | XOM: fog
 38799 | Vaults:3 | XOM: god gift: 23 gold pieces
 38877 | Vaults:3 | XOM: divination: detect creatures
 38906 | Vaults:3 | XOM: polymorph necromancer -> torpor snail
 38937 | Vaults:3 | XOM: polymorph ironbrand convoker -> snapping turtle
 38946 | Vaults:3 | XOM: summons friendly shadow imp
 39053 | Vaults:3 | XOM: blink monster(s)
 39314 | Vaults:3 | XOM: noise
 39317 | Vaults:3 | XOM: summons 9 friendly demons
 39327 | Vaults:3 | Paralysed by a sphinx for 2 turns
 39394 | Vaults:4 | XOM: potion effect (agility)
 39414 | Vaults:4 | Found Tyijusaj's Distillery.
 39427 | Vaults:4 | XOM: smoke on damage
 39759 | Vaults:4 | Bought a potion of flight for 51 gold pieces
 39759 | Vaults:4 | Bought a potion of agility for 68 gold pieces
 39759 | Vaults:4 | Bought a potion of agility for 68 gold pieces
 39759 | Vaults:4 | Bought a potion of heal wounds for 85 gold pieces
 39759 | Vaults:4 | Bought a potion of magic for 136 gold pieces
 39759 | Vaults:4 | Bought a potion of mutation for 136 gold pieces
 39824 | Vaults:4 | XOM: potion effect (berserk rage)
 39837 | Vaults:4 | XOM: enchant monster (good)
 39847 | Vaults:4 | Reached skill level 10 in Evocations
 39858 | Vaults:4 | XOM: enchant monster (good)
 39915 | Vaults:3 | XOM: silly message
 39921 | Vaults:3 | XOM: cast spell 'Summon Ice Beast'
 40016 | Vaults:4 | XOM: confuse monster(s)
 40030 | Vaults:4 | Reached XP level 20. HP: 106/182 MP: 27/27
 40056 | Vaults:4 | XOM: cast spell 'Summon Butterflies'
 40165 | Vaults:4 | XOM: enchant monster (bad)
 40208 | Vaults:4 | Paralysed by a great orb of eyes for 7 turns
 40216 | Vaults:4 | XOM: silly message
 40227 | Vaults:4 | HP: 8/182 [orc knight/enchanted glaive (23)]
 40246 | Vaults:4 | XOM: cast spell 'Summon Small Mammal'
 40332 | Vaults:4 | XOM: scenery: create altars
 40511 | Vaults:4 | XOM: noise
 40722 | Vaults:4 | XOM: swap monsters
 40905 | Vaults:4 | XOM: summons friendly crimson imp
 41043 | Vaults:4 | XOM: mild Summ miscast
 41561 | Vaults:4 | XOM: noise
 41562 | Vaults:4 | XOM: mild Tloc miscast
 41564 | Vaults:4 | XOM: noise
 41573 | Vaults:4 | XOM: polymorph vault guard -> emperor scorpion
 41586 | Vaults:4 | XOM: scenery: create altars
 41596 | Vaults:4 | XOM: harmless Summ miscast
 41606 | Vaults:4 | XOM: chaos upgrade
 41663 | Vaults:4 | XOM: mild Summ miscast
 42219 | Elf:1    | Entered Level 1 of the Elven Halls
 42219 | Elf:1    | Noticed Louise
 42224 | Elf:1    | XOM: chaos upgrade
 42251 | Orc:2    | XOM: noise
 42255 | Orc:2    | XOM: divination: detect creatures
 42343 | Orc:2    | XOM: swap monsters
 42356 | Orc:2    | Killed Louise
 42505 | Elf:1    | Identified the cursed +0 shortbow "Arcanum" {freeze, rElec MR+} (You found it on level 1 of the Elven Halls)
 42569 | Elf:1    | XOM: noise
 42570 | Elf:1    | XOM: cast spell 'Discord'
 42951 | Elf:1    | Reached skill level 1 in Transmutations
 42957 | Elf:1    | Reached skill level 1 in Translocations
 43178 | Elf:2    | Found Douplism's Gadget Boutique.
 43331 | Elf:2    | XOM: medium Ice miscast
 43408 | Elf:2    | XOM: god gift: 21 stones
 43435 | Elf:2    | Found a runed gate.
 43435 | Elf:2    | Found a runed gate.
 43436 | Elf:2    | Found a runed gate.
 43516 | Elf:2    | Reached skill level 1 in Summonings
 43739 | Elf:2    | XOM: harmless Pois miscast
 43776 | Elf:2    | XOM: summons 1 hostile demon
 44054 | Elf:2    | Reached XP level 21. HP: 139/191 MP: 29/29
 44128 | Elf:2    | XOM: enchant monster (bad)
 44279 | Elf:2    | XOM: confuse monster(s)
 44538 | Elf:3    | Entered Level 3 of the Elven Halls
 44592 | Elf:3    | XOM: polymorph deep elf mage -> hippogriff
 44776 | Elf:3    | Noticed Aizul
 44777 | Elf:3    | XOM: divine lightning
 44788 | Elf:3    | Killed Aizul
 44819 | Elf:3    | Reached skill level 5 in Earth Magic
 45067 | Elf:3    | XOM: confuse monster(s)
 45131 | Elf:3    | XOM: polymorph deep elf sorcerer -> five-headed hydra
 45138 | Elf:3    | Reached skill level 5 in Translocations
 45303 | Elf:3    | XOM: noise
 45307 | Elf:3    | XOM: enchant monster (good)
 45345 | Elf:3    | Reached skill level 5 in Transmutations
 45504 | Elf:3    | XOM: swap monsters
 45532 | Elf:3    | XOM: mild Conj miscast
 45657 | Elf:3    | XOM: god gift: potion of invisibility
 45666 | Elf:3    | XOM: smoke on damage
 45671 | Elf:3    | XOM: summons 4 hostile demons
 45674 | Elf:3    | XOM: chaos cloud
 45901 | Elf:3    | XOM: noise
 45957 | Elf:3    | Got a scorched crystal amulet
 45960 | Elf:3    | XOM: chaos upgrade
 46062 | Elf:3    | XOM: enchant monster (bad)
 46123 | Elf:3    | XOM: mild Tloc miscast
 46172 | Elf:3    | XOM: summons 4 hostile demons
 46233 | Elf:3    | Identified the amulet of Kiewooli {Reflect rN+ SH+2} (You took it off a deep elf demonologist on level 3 of the Elven Halls)
 46234 | Elf:3    | Identified the amulet "Leruh" {Fragile +Rage rPois SInv} (You found it on level 3 of the Elven Halls)
 46290 | Elf:3    | XOM: enchant monster (bad)
 46321 | Elf:3    | Identified the +1 plate armour "Viggewn" {+Inv rC- MR+} (You took it off a deep elf high priest on level 3 of the Elven Halls)
 46462 | Elf:1    | XOM: mild Hex miscast
 46569 | D:12     | XOM: summons 1 hostile shadow creature
 46712 | Depths:1 | Entered Level 1 of the Depths
 46799 | Depths:1 | XOM: 1-stop teleportation journey
 46840 | Depths:1 | Found a gateway to Hell.
 47180 | Depths:1 | XOM: potion effect (agility)
 47183 | Depths:1 | XOM: confuse monster(s)
 47340 | Depths:1 | XOM: summons friendly ufetubus
 47342 | Depths:1 | XOM: polymorph yaktaur -> shapeshifter
 47441 | Depths:1 | XOM: 4-stop teleportation journey
 47530 | Depths:1 | XOM: summons 4 friendly demons
 47568 | Depths:1 | Found a one-way gate leading to the halls of Pandemonium.
 47641 | Depths:1 | XOM: summons friendly shadow imp
 47656 | Depths:1 | XOM: cast spell 'Metabolic Englaciation'
 47674 | Depths:1 | XOM: potion effect (haste)
 47788 | Depths:1 | XOM: medium Conj miscast
 47827 | Depths:1 | XOM: silly message
 47850 | Depths:1 | XOM: 6-stop teleportation journey
 48025 | Depths:1 | XOM: confuse monster(s)
 48404 | Depths:1 | Reached XP level 22. HP: 173/198 MP: 30/30
 48533 | Depths:2 | XOM: fog
 48641 | Depths:2 | Found a gateway to a ziggurat.
 48783 | Depths:2 | XOM is BORED!
 48783 | Depths:2 | XOM: polymorph ice dragon -> ghost moth
 48828 | Depths:2 | XOM: give mutation
 48828 | Depths:2 | Gained mutation: You are robust. (+10% HP) [Xom's grace]
 49060 | Lair:1   | Learned a level 3 spell: Portal Projectile
 49064 | Lair:1   | Learned a level 3 spell: Teleport Other
 49069 | Lair:1   | Learned a level 4 spell: Passage of Golubria
 49078 | D:10     | XOM: give mutation
 49078 | D:10     | Lost mutation: You occasionally shout uncontrollably at your foes. [Xom's mischief]
 49249 | Depths:2 | Found a glowing golden altar of the Shining One.
 49281 | Depths:2 | Reached skill level 1 in Hexes
 49298 | Depths:2 | XOM: smoke on damage
 49302 | Depths:2 | Killed from afar by an ice dragon

Skill      XL: |  1  2  3  4  5  6  7  8  9 10 11 12 13 14 15 16 17 18 19 20 21 22 |
---------------+-------------------------------------------------------------------+-----
Polearms       | 3 4 5 6 7 9 10 11 12 13 14 15 17 18 19 20 | 20.0
Fighting       | 4 5 6 8 9 10 11 12 13 15 16 17 | 17.9
Bows           | 4 9 12 14 15 17 19 20 | 20.5
Earth Magic    | 3 4 5 |  5.0
Spellcasting   | 2 3 |  3.3
Dodging        | 1 3 4 |  4.4
Armour         | 4 5 6 7 8 9 10 11 12 | 12.0
Evocations     | 4 6 8 10 11 | 11.5
Transmutations | 3 5 |  5.0
Translocations | 3 6 |  6.2
Summonings     | 1 4 |  4.6
Hexes          | 1 |  1.2

Action                   |  1- 3 |  4- 6 |  7- 9 | 10-12 | 13-15 | 16-18 | 19-21 | 22-24 || total
-------------------------+-------+-------+-------+-------+-------+-------+-------+-------++-------
Melee: Spear             |   127 |   187 |   264 |       |       |       |       |       ||   578
       Kick              |    12 |    26 |    73 |    80 |   197 |   215 |   241 |    24 ||   868
       Headbutt          |       |    10 |    37 |    13 |       |       |       |       ||    60
       Glaive            |       |       |    24 |   345 |   903 |   837 |   898 |    56 ||  3063
       Shortbow          |       |       |     1 |     1 |     1 |       |       |       ||     3
       Longbow           |       |       |       |       |       |       |     1 |       ||     1
 Fire: Hunting sling     |       |     5 |     2 |       |       |       |       |       ||     7
       Shortbow          |       |       |    71 |   468 |   439 |       |       |       ||   978
       Longbow           |       |       |       |       |   355 |   854 |  1185 |    62 ||  2456
Throw: Javelin           |       |       |     1 |       |       |       |       |       ||     1
       Tomahawk          |       |       |       |       |     3 |       |       |       ||     3
 Cast: Apportation       |       |       |       |     7 |       |       |     3 |       ||    10
       Portal Projectile |       |       |       |       |       |       |       |     1 ||     1
Evoke: Wand              |       |       |     3 |     5 |     8 |    13 |    14 |       ||    43
       Fan of gales      |       |       |       |       |     1 |     3 |     2 |       ||     6
       Lamp of fire      |       |       |       |       |       |     2 |     1 |       ||     3
       Phial of floods   |       |       |       |       |       |       |     3 |       ||     3
       Phantom mirror    |       |       |       |       |       |       |     1 |       ||     1
       Lightning rod     |       |       |       |       |       |       |       |     4 ||     4
  Use: Potion            |     1 |       |     5 |     7 |     5 |    15 |     6 |       ||    39
       Scroll            |       |     5 |     9 |    13 |    16 |    20 |    20 |       ||    83
 Stab: Paralysed         |     1 |     2 |     3 |       |     1 |       |       |       ||     7
       Sleeping          |       |       |     2 |       |       |       |       |       ||     2
       Confused          |       |       |     1 |     1 |     3 |     1 |     4 |       ||    10
       Petrified         |       |       |       |     4 |       |     6 |       |       ||    10
       Distracted        |       |       |       |       |     3 |     2 |     1 |       ||     6
       Invisible         |       |       |       |       |     1 |       |     4 |       ||     5
       Fleeing           |       |       |       |       |     1 |       |       |       ||     1
       Petrifying        |       |       |       |       |       |     1 |       |       ||     1
  Eat: Chunk             |       |     4 |     7 |    25 |    34 |     8 |    23 |     2 ||   103
       Royal jelly       |       |       |     1 |       |       |       |       |       ||     1
       Bread ration      |       |       |       |       |     1 |     5 |     2 |     1 ||     9
Armor: Leather armour    |    31 |    47 |    93 |    22 |       |       |       |       ||   193
       Steam dragon scal |       |       |       |   183 |       |       |       |       ||   183
       Plate armour      |       |       |       |    37 |  1032 |   946 |   190 |       ||  2205
       Ice dragon scales |       |       |       |       |       |     2 |       |       ||     2
       Skin              |       |       |       |       |       |     1 |       |       ||     1
       Fire dragon scale |       |       |       |       |       |       |   564 |    36 ||   600
Dodge: Dodged            |    41 |    41 |    83 |   126 |   150 |   175 |   263 |    16 ||   895
